Islanders vs Wild

Created - 22 avril 2020 at 17:04

Goals
1 2 3 T
Islanders 1 1 0 2
Wild 1 1 3 5
Shots
1 2 3 T
Islanders 13 10 11 34
Wild 7 19 8 34

1st period

1. Islanders , Vladimir Tarasenko 29 (Justin Schultz 11) at 6:56
2. Wild , Jack Eichel 38 (Brad Marchand 45) at 11:32

Penalties :
No Penalty

2nd period

3. Wild , Jack Eichel 39 (Ryan Suter 22, T.J. Oshie 33) at 2:22 (PP)
4. Islanders , Vladimir Tarasenko 30 (Paul Stastny 54) at 8:29

Penalties :
Evan Rodrigues (NYI) for Elbowing (Minor) at 2:19, Frank Vatrano (MIW) for Interference (Minor) at 3:29, Matt Roy (NYI) for Holding (Minor) at 13:06, Chris Tierney (MIW) for Hooking (Minor) at 16:09

3rd period

5. Wild , Chris Tierney 24 (Jakob Silfverberg 26, William Nylander 18) at 2:34
6. Wild , William Nylander 14 (Brayden McNabb 16, Chris Tierney 21) at 8:53
7. Wild , Adrian Kempe 10 (Kris Letang 26, Ryan Suter 23) at 17:24

Penalties :
William Nylander (MIW) for Roughing (Minor) at 4:11

Goalie Stats

Alex Stalock (NYI), 29 saves from 34 shots - (0,853), L, 10-11-1, 60:00 minutes
Linus Ullmark (MIW), 32 saves from 34 shots - (0,941), W, 14-6-1, 60:00 minutes

Players Stats for Islanders

Player Name              G  A  P  +/- PIM S  H  SB GA TA FO     MP     PP MP  PK MP  
------------------------------------------------------------------------------------
Brandon Saad             0  0  0   0  0   2  0  2  1  0  0/0    18:13   2:50   0:50 
Chris Mueller            0  0  0   0  0   3  3  0  0  0  8/16   17:57   2:50   0:36 
Christian Fischer        0  0  0   0  0   2  1  0  0  0  0/0     8:47   0:00   0:00 
Cole Schneider           0  0  0   0  0   0  0  0  0  0  0/0     8:47   0:00   0:00 
Drake Batherson          0  0  0   0  0   0  3  0  0  0  0/5     9:45   0:05   0:16 
Evan Rodrigues           0  0  0  -2  2   1  3  1  1  0  1/4    12:06   0:05   1:10 
Jake Gardiner            0  0  0   0  0   1  0  0  0  0  0/0    20:33   2:53   0:54 
James Neal               0  0  0  -2  0   2  1  0  0  0  1/2    10:57   0:05   0:00 
Jordie Benn              0  0  0  -2  0   0  1  0  1  0  0/0    22:31   3:04   1:08 
Justin Schultz           0  1  1   0  0   0  1  2  0  0  0/0    20:33   2:53   0:54 
Kyle Palmieri            0  0  0   0  0   5  3  1  0  0  0/0    20:51   3:02   0:00 
Logan Shaw               0  0  0  -2  0   2  0  0  0  0  0/0    11:29   0:00   1:12 
Mathew Dumba             0  0  0  -2  0   1  3  1  1  1  0/0    22:31   3:04   1:08 
Matt Roy                 0  0  0   0  2   0  0  0  1  0  0/0    16:57   0:00   0:00 
Paul Stastny             0  1  1   0  0   1  2  2  0  0  15/27  20:51   3:02   0:00 
Timo Meier               0  0  0   0  0   6  2  0  1  0  0/0    17:21   2:50   0:00 
Vladimir Tarasenko       2  0  2   0  0   8  1  0  1  0  0/0    20:51   3:02   0:00 
Will Butcher             0  0  0   0  0   0  0  1  1  0  0/0    16:56   0:00   0:00 

Players Stats for Wild

Player Name              G  A  P  +/- PIM S  H  SB GA TA FO     MP     PP MP  PK MP  
------------------------------------------------------------------------------------
Adrian Kempe             1  0  1   1  0   3  2  0  0  1  0/0    13:00   0:00   1:14 
Brad Marchand            0  1  1  -1  0   1  3  0  0  2  0/0    24:03   1:12   3:27 
Brayden McNabb           0  1  1   1  0   0  3  1  0  1  0/0    19:54   0:39   2:32 
Chris Terry              0  0  0   1  0   0  0  0  0  0  0/0     1:14   0:00   0:00 
Chris Tierney            1  1  2   2  2   6  4  0  0  0  8/13   18:43   0:50   0:00 
Christian Dvorak         0  0  0   0  0   0  0  0  0  0  3/3    10:28   0:00   0:07 
Frank Vatrano            0  0  0   0  2   0  1  1  0  0  3/4    11:16   0:00   0:00 
Jack Eichel              2  0  2   0  0   3  0  2  0  0  14/30  25:03   1:12   3:02 
Jakob Silfverberg        0  1  1   2  0   3  2  0  0  0  0/0    20:19   0:50   2:14 
Jordan Greenway          0  0  0   0  0   1  0  0  0  0  1/2     6:31   0:00   0:16 
Kris Letang              0  1  1   0  0   2  2  0  1  1  0/0    27:08   1:23   3:25 
Lawson Crouse            0  0  0   0  0   1  1  0  0  0  0/0     9:58   0:00   0:00 
Marc Staal               0  0  0   1  0   1  2  0  0  3  0/0    19:54   0:39   2:32 
Michal Kempny            0  0  0   1  0   1  3  0  0  0  0/0    12:58   0:00   0:00 
Ryan Suter               0  2  2   0  0   3  4  4  0  0  0/0    27:08   1:23   3:25 
Samuel Girard            0  0  0   1  0   0  0  0  0  0  0/0    12:58   0:00   0:00 
T.J. Oshie               0  1  1  -1  0   3  1  0  0  0  0/2    15:09   1:12   1:34 
William Nylander         1  1  2   2  2   6  1  1  0  0  0/0    18:16   0:50   0:00 

3 Stars

1 - Jack Eichel (MIW)
2 - Chris Tierney (MIW)
3 - William Nylander (MIW)

Power Play

Islanders - 0 on 3 Attempt(s) - 0,00%
Wild - 1 on 2 Attempt(s) - 50,00%

Penalty Kill

Islanders - 1 on 2 Attempt(s) - 50,00% - Score 0 goal in Penalty Kill
Wild - 3 on 3 Attempt(s) - 100,00% - Score 0 goal in Penalty Kill

Team Stat

Islanders - Hits : 24 - Faceoff Wins : 25 - Blocked Shots : 10 - Penalty Minutes : 4
Wild - Hits : 29 - Faceoff Wins : 29 - Blocked Shots : 9 - Penalty Minutes : 6

Official

Referees : Francis Charron and Ian Walsh
Linesman : John Grandt and David Brisebois

Game Notes

No Game Note

Finance

Level 1 -- Attendance: 4411 (73,52%) -- Ticket Income 441 100 $
Level 2 -- Attendance: 4544 (90,88%) -- Ticket Income 272 640 $
Level 3 -- Attendance: 2000 (100,00%) -- Ticket Income 70 000 $
Level 4 -- Attendance: 4000 (100,00%) -- Ticket Income 80 000 $
Luxury Box -- Attendance: 725 (72,50%) -- Ticket Income 145 000 $
Game was played at the Xcel Enery Center.
Total Attendance: 15680 (87,11%)
Total Ticket Income: 1 008 740 $
Other Income: 494 283 $
Total Income: 1 503 023 $

Islanders

5 vs 5 Forward 
   Center                   Left Wing                Right Wing               Time % Phy DF OF 
 1 Paul Stastny             Kyle Palmieri            Vladimir Tarasenko       40     1   2  2  
 2 Chris Mueller            Brandon Saad             Timo Meier               30     1   2  2  
 3 Evan Rodrigues           James Neal               Logan Shaw               20     1   2  2  
 4 Drake Batherson          Cole Schneider           Christian Fischer        10     1   2  2  

5 vs 5 Defense 
   Defense                  Defense                                           Time % Phy DF OF 
 1 Mathew Dumba             Jordie Benn                                       35     1   2  2  
 2 Jake Gardiner            Justin Schultz                                    33     1   2  2  
 3 Will Butcher             Matt Roy                                          32     1   2  2  
 4 Mathew Dumba             Jordie Benn                                       0      1   2  2  

PowerPlay Forward 
   Center                   Left Wing                Right Wing               Time % Phy DF OF 
 1 Paul Stastny             Kyle Palmieri            Vladimir Tarasenko       60     1   2  2  
 2 Chris Mueller            Brandon Saad             Timo Meier               40     1   2  2  

PowerPlay Defense
   Defense                  Defense                                           Time % Phy DF OF 
 1 Mathew Dumba             Jordie Benn                                       50     1   2  2  
 2 Jake Gardiner            Justin Schultz                                    50     1   2  2  

Penalty Kill 4 Players Forward 
   Center                   Wing                     Time % Phy DF OF 
 1 Evan Rodrigues           Logan Shaw               60     1   2  2  
 2 Chris Mueller            Brandon Saad             40     1   2  2  

Penalty Kill 4 Players Defense
   Defense                  Defense                  Time % Phy DF OF 
 1 Mathew Dumba             Jordie Benn              60     1   2  2  
 2 Jake Gardiner            Justin Schultz           40     1   2  2  

Penalty Kill - 3 Players Forward 
   Forward                                           Time % Phy DF OF 
 1 Evan Rodrigues                                    60     1   2  2  
 2 Chris Mueller                                     40     1   2  2  

Penalty Kill - 3 Players Defense
   Defense                  Defense                  Time % Phy DF OF 
 1 Mathew Dumba             Jordie Benn              60     1   2  2  
 2 Jake Gardiner            Justin Schultz           40     1   2  2  

4 vs 4 Forward 
   Center                   Wing                     Time % Phy DF OF 
 1 Evan Rodrigues           Brandon Saad             60     1   2  2  
 2 Chris Mueller            Drake Batherson          40     1   2  2  

4 vs 4 Defense
   Defense                  Defense                  Time % Phy DF OF 
 1 Mathew Dumba             Jordie Benn              60     1   2  2  
 2 Jake Gardiner            Justin Schultz           40     1   2  2  

Last Minutes Offensive
   Center                   Left Wing                Right Wing               Defense                  Defense                  
   Paul Stastny             Kyle Palmieri            Vladimir Tarasenko       Mathew Dumba             Jordie Benn              

Last Minutes Defensive
   Center                   Left Wing                Right Wing               Defense                  Defense                  
   Evan Rodrigues           Brandon Saad             Logan Shaw               Mathew Dumba             Jordie Benn              

Goaltenders
Starting : Alex Stalock             
Backup : Corey Crawford           

Extra Forwards
Normal : James Neal, Evan Rodrigues, Logan Shaw - PP : James Neal, Evan Rodrigues - PK : Logan Shaw
Extra Defensemen
Normal : Will Butcher, Matt Roy, Jake Gardiner - PP : Will Butcher - PK : Matt Roy, Jake Gardiner
Penalty Shots
Vladimir Tarasenko, Kyle Palmieri, Brandon Saad, Paul Stastny, Timo Meier
Custom OT Lines Forwards
Vladimir Tarasenko, Kyle Palmieri, Brandon Saad, Paul Stastny, Timo Meier, James Neal, Chris Mueller, Evan Rodrigues, Logan Shaw, Drake Batherson
Custom OT Lines Defensemen
Mathew Dumba, Jordie Benn, Jake Gardiner, Justin Schultz, Will Butcher

Scratches
Marcus Johansson (Torn Left Knee Ligaments Injury), Roman Josi (Healthy)

Wild

5 vs 5 Forward 
   Center                   Left Wing                Right Wing               Time % Phy DF OF 
 1 Jack Eichel              Brad Marchand            T.J. Oshie               40     1   2  2  
 2 Chris Tierney            Jakob Silfverberg        William Nylander         30     1   2  2  
 3 Frank Vatrano            Adrian Kempe             Jack Eichel              20     1   2  2  
 4 Christian Dvorak         Lawson Crouse            Brad Marchand            10     1   2  2  

5 vs 5 Defense 
   Defense                  Defense                                           Time % Phy DF OF 
 1 Kris Letang              Ryan Suter                                        40     1   2  2  
 2 Marc Staal               Brayden McNabb                                    30     1   2  2  
 3 Michal Kempny            Samuel Girard                                     20     1   2  2  
 4 Kris Letang              Ryan Suter                                        10     1   2  2  

PowerPlay Forward 
   Center                   Left Wing                Right Wing               Time % Phy DF OF 
 1 Jack Eichel              Brad Marchand            T.J. Oshie               60     1   2  2  
 2 Chris Tierney            Jakob Silfverberg        William Nylander         40     1   2  2  

PowerPlay Defense
   Defense                  Defense                                           Time % Phy DF OF 
 1 Kris Letang              Ryan Suter                                        60     1   2  2  
 2 Marc Staal               Brayden McNabb                                    40     1   2  2  

Penalty Kill 4 Players Forward 
   Center                   Wing                     Time % Phy DF OF 
 1 Jack Eichel              Brad Marchand            60     1   2  2  
 2 T.J. Oshie               Jakob Silfverberg        40     1   2  2  

Penalty Kill 4 Players Defense
   Defense                  Defense                  Time % Phy DF OF 
 1 Kris Letang              Ryan Suter               60     1   2  2  
 2 Marc Staal               Brayden McNabb           40     1   2  2  

Penalty Kill - 3 Players Forward 
   Forward                                           Time % Phy DF OF 
 1 Jack Eichel                                       60     1   2  2  
 2 Brad Marchand                                     40     1   2  2  

Penalty Kill - 3 Players Defense
   Defense                  Defense                  Time % Phy DF OF 
 1 Kris Letang              Ryan Suter               60     1   2  2  
 2 Marc Staal               Brayden McNabb           40     1   2  2  

4 vs 4 Forward 
   Center                   Wing                     Time % Phy DF OF 
 1 Jack Eichel              Brad Marchand            60     1   2  2  
 2 T.J. Oshie               Jakob Silfverberg        40     1   2  2  

4 vs 4 Defense
   Defense                  Defense                  Time % Phy DF OF 
 1 Kris Letang              Ryan Suter               60     1   2  2  
 2 Marc Staal               Brayden McNabb           40     1   2  2  

Last Minutes Offensive
   Center                   Left Wing                Right Wing               Defense                  Defense                  
   Jack Eichel              Brad Marchand            T.J. Oshie               Kris Letang              Ryan Suter               

Last Minutes Defensive
   Center                   Left Wing                Right Wing               Defense                  Defense                  
   Jack Eichel              Brad Marchand            T.J. Oshie               Kris Letang              Ryan Suter               

Goaltenders
Starting : Linus Ullmark            
Backup : Anton Khudobin           

Extra Forwards
Normal : Jordan Greenway, Chris Terry, Adrian Kempe - PP : Jordan Greenway, Chris Terry - PK : Adrian Kempe
Extra Defensemen
Normal : Michal Kempny, Samuel Girard, Marc Staal - PP : Michal Kempny - PK : Samuel Girard, Marc Staal
Penalty Shots
Jack Eichel, Brad Marchand, T.J. Oshie, Jakob Silfverberg, Chris Tierney
Custom OT Lines Forwards
Jack Eichel, Brad Marchand, T.J. Oshie, Jakob Silfverberg, Chris Tierney, William Nylander, Adrian Kempe, Frank Vatrano, Lawson Crouse, Christian Dvorak
Custom OT Lines Defensemen
Kris Letang, Ryan Suter, Marc Staal, Brayden McNabb, Michal Kempny

Scratches
Evgeny Kuznetsov (Healthy), Anton Lindholm (Healthy)

% Time on Ice - Islanders

Lines # - Real PCT - Wanted PCT - Time Play
Normal Forward
1 - 35% - 40% - 18:26
2 - 28% - 30% - 14:31
3 - 20% - 20% - 10:17
4 - 17% - 10% - 8:47
Normal Defense
1 - 35% - 35% - 18:03
2 - 32% - 33% - 16:46
3 - 33% - 32% - 16:56
4 - 1% - 0% - 0:16
PP Forward
1 - 52% - 60% - 3:07
2 - 48% - 40% - 2:50
PP Defense
1 - 52% - 50% - 3:04
2 - 48% - 50% - 2:53
PK Forward
1 - 70% - 60% - 1:26
2 - 30% - 40% - 0:36
PK Defense
1 - 56% - 60% - 1:08
2 - 44% - 40% - 0:54
PK3 Forward
1 - 0% - 60%
2 - 0% - 40%
PK3 Defense
1 - 0% - 60%
2 - 0% - 40%
44 Forward
1 - 0% - 60%
2 - 0% - 40%
44 Defense
1 - 0% - 60%
2 - 0% - 40%
Last Minute Offensive  - 0:00
Last Minute Defensive  - 0:00
Total
Forward - 60:00
Defense - 60:00

% Time on Ice - Wild

Lines # - Real PCT - Wanted PCT - Time Play
Normal Forward
1 - 24% - 40% - 12:42
2 - 35% - 30% - 18:08
3 - 22% - 20% - 11:13
4 - 19% - 10% - 9:58
Normal Defense
1 - 39% - 40% - 20:19
2 - 32% - 30% - 16:43
3 - 25% - 20% - 12:58
4 - 4% - 10% - 2:01
PP Forward
1 - 59% - 60% - 1:12
2 - 41% - 40% - 0:50
PP Defense
1 - 68% - 60% - 1:23
2 - 32% - 40% - 0:39
PK Forward
1 - 74% - 60% - 4:23
2 - 26% - 40% - 1:34
PK Defense
1 - 57% - 60% - 3:25
2 - 43% - 40% - 2:32
PK3 Forward
1 - 0% - 60%
2 - 0% - 40%
PK3 Defense
1 - 0% - 60%
2 - 0% - 40%
44 Forward
1 - 0% - 60%
2 - 0% - 40%
44 Defense
1 - 0% - 60%
2 - 0% - 40%
Last Minute Offensive  - 0:00
Last Minute Defensive  - 0:00
Total
Forward - 60:00
Defense - 60:00

Play-by-Play

1st period


0:01 of 1st period - Paul Stastny wins face-off versus Jack Eichel in neutral zone.
0:27 of 1st period - Jordie Benn is hit by Ryan Suter and loses puck.
0:32 of 1st period - Snap shot by Jakob Silfverberg.
0:32 of 1st period - Shot Misses the Net.
0:48 of 1st period - Snap shot by Kyle Palmieri.
0:48 of 1st period - Stopped by Linus Ullmark with a rebound.
0:50 of 1st period - Slapshot by Jordie Benn.
0:50 of 1st period - Shot Blocked by Frank Vatrano.
1:12 of 1st period - Snap shot by Vladimir Tarasenko.
1:12 of 1st period - Stopped by Linus Ullmark without a rebound.
1:13 of 1st period - Christian Dvorak wins face-off versus Chris Mueller in Wild zone.
1:38 of 1st period - Chris Tierney is hit by Evan Rodrigues and loses puck.
3:18 of 1st period - Brandon Saad is hit by Michal Kempny and loses puck.
3:46 of 1st period - Jakob Silfverberg is hit by Drake Batherson and loses puck.
4:05 of 1st period - Matt Roy is hit by Frank Vatrano and loses puck.
4:16 of 1st period - Kyle Palmieri is hit by Lawson Crouse and loses puck.
4:27 of 1st period - Wrist shot by Timo Meier.
4:27 of 1st period - Shot Misses the Net.
4:29 of 1st period - Backhand shot by Chris Mueller.
4:29 of 1st period - Shot Misses the Net.
4:31 of 1st period - Wrist shot by Chris Mueller.
4:31 of 1st period - Stopped by Linus Ullmark with a rebound.
4:33 of 1st period - Wrist shot by Brandon Saad.
4:33 of 1st period - Shot Misses the Net.
4:35 of 1st period - Snap shot by Timo Meier.
4:35 of 1st period - Stopped by Linus Ullmark without a rebound.
4:36 of 1st period - Chris Tierney wins face-off versus Chris Mueller in Wild zone.
4:36 of 1st period - Chris Tierney is hit by Mathew Dumba.
4:54 of 1st period - Chris Tierney is hit by Chris Mueller and loses puck.
5:05 of 1st period - Jordie Benn is hit by Kris Letang and loses puck.
5:12 of 1st period - Snap shot by Jack Eichel.
5:12 of 1st period - Deflect By Adrian Kempe.
5:12 of 1st period - Stopped by Alex Stalock with a rebound.
5:58 of 1st period - Wrist shot by Frank Vatrano.
5:58 of 1st period - Shot Blocked by Brandon Saad.
6:50 of 1st period - Snap shot by Vladimir Tarasenko.
6:50 of 1st period - Stopped by Linus Ullmark with a rebound.
6:56 of 1st period - Slapshot by Vladimir Tarasenko.
6:56 of 1st period - Goal by Vladimir Tarasenko - Islanders : 1 - Wild : 0.
6:57 of 1st period - Paul Stastny wins face-off versus Jack Eichel in neutral zone.
7:51 of 1st period - Chris Mueller is hit by Brad Marchand and loses puck.
8:28 of 1st period - Slapshot by Vladimir Tarasenko.
8:28 of 1st period - Shot Misses the Net.
8:49 of 1st period - Mathew Dumba is hit by Brad Marchand.
11:02 of 1st period - Icing by Ryan Suter.
11:03 of 1st period - Chris Mueller wins face-off versus Frank Vatrano in Wild zone.
11:06 of 1st period - Snap shot by Brandon Saad.
11:06 of 1st period - Stopped by Linus Ullmark without a rebound.
11:07 of 1st period - Chris Mueller wins face-off versus Jack Eichel in Wild zone.
11:14 of 1st period - Slapshot by Brandon Saad.
11:14 of 1st period - Shot Blocked by Ryan Suter.
11:16 of 1st period - Snap shot by Chris Mueller.
11:16 of 1st period - Stopped by Linus Ullmark without a rebound.
11:17 of 1st period - Jack Eichel wins face-off versus Paul Stastny in Wild zone.
11:17 of 1st period - Jack Eichel is hit by Kyle Palmieri.
11:20 of 1st period - Icing by Brad Marchand.
11:21 of 1st period - Jack Eichel wins face-off versus Paul Stastny in Wild zone.
11:32 of 1st period - Slapshot by Jack Eichel.
11:32 of 1st period - Goal by Jack Eichel - Islanders : 1 - Wild : 1.
11:33 of 1st period - Jack Eichel wins face-off versus Paul Stastny in neutral zone.
11:46 of 1st period - Slapshot by Brad Marchand.
11:46 of 1st period - Shot Misses the Net.
11:48 of 1st period - Slapshot by Ryan Suter.
11:48 of 1st period - Stopped by Alex Stalock without a rebound.
11:49 of 1st period - Chris Mueller wins face-off versus Jack Eichel in Islanders zone.
11:58 of 1st period - Wrist shot by Brad Marchand.
11:58 of 1st period - Stopped by Alex Stalock without a rebound.
11:59 of 1st period - Chris Mueller wins face-off versus Jack Eichel in Islanders zone.
11:59 of 1st period - Chris Mueller is hit by Ryan Suter.
12:17 of 1st period - Snap shot by Brandon Saad.
12:17 of 1st period - Shot Blocked by Ryan Suter.
12:35 of 1st period - Wrist shot by Brad Marchand.
12:35 of 1st period - Shot Misses the Net.
13:07 of 1st period - Slapshot by Timo Meier.
13:07 of 1st period - Stopped by Linus Ullmark with a rebound.
13:09 of 1st period - Snap shot by Brandon Saad.
13:09 of 1st period - Deflect By Jack Eichel.
13:09 of 1st period - Shot Misses the Net.
13:09 of 1st period - Puck is out of play.
13:10 of 1st period - Chris Tierney wins face-off versus Paul Stastny in Wild zone.
13:26 of 1st period - Wrist shot by William Nylander.
13:26 of 1st period - Stopped by Alex Stalock without a rebound.
13:27 of 1st period - Chris Tierney wins face-off versus James Neal in Islanders zone.
13:34 of 1st period - Snap shot by William Nylander.
13:34 of 1st period - Shot Blocked by Evan Rodrigues.
13:52 of 1st period - Vladimir Tarasenko is hit by Marc Staal and loses puck.
14:46 of 1st period - Off-side.
14:47 of 1st period - Frank Vatrano wins face-off versus Drake Batherson in neutral zone.
15:37 of 1st period - Michal Kempny is hit by Jordie Benn and loses puck.
16:52 of 1st period - Slapshot by Drake Batherson.
16:52 of 1st period - Shot Misses the Net.
17:35 of 1st period - Justin Schultz is hit by Brad Marchand and loses puck.
18:00 of 1st period - Adrian Kempe is hit by Kyle Palmieri and loses puck.
18:07 of 1st period - Snap shot by Vladimir Tarasenko.
18:07 of 1st period - Stopped by Linus Ullmark with a rebound.
18:09 of 1st period - Slapshot by Kyle Palmieri.
18:09 of 1st period - Stopped by Linus Ullmark with a rebound.
18:11 of 1st period - Wrist shot by Vladimir Tarasenko.
18:11 of 1st period - Stopped by Linus Ullmark with a rebound.
18:13 of 1st period - Wrist shot by Kyle Palmieri.
18:13 of 1st period - Stopped by Linus Ullmark with a rebound.
18:23 of 1st period - Evan Rodrigues is hit by Chris Tierney and loses puck.
18:32 of 1st period - Ryan Suter is hit by Evan Rodrigues and loses puck.
18:56 of 1st period - Marc Staal is hit by Drake Batherson and loses puck.
19:17 of 1st period - Marc Staal is hit by Kyle Palmieri.
19:21 of 1st period - Snap shot by T.J. Oshie.
19:21 of 1st period - Stopped by Alex Stalock with a rebound.
19:23 of 1st period - Slapshot by Michal Kempny.
19:23 of 1st period - Stopped by Alex Stalock with a rebound.
19:25 of 1st period - Snap shot by Jack Eichel.
19:25 of 1st period - Deflect By T.J. Oshie.
19:25 of 1st period - Shot Misses the Net.
19:25 of 1st period - Puck is out of play.
19:26 of 1st period - Chris Mueller wins face-off versus Chris Tierney in Islanders zone.
19:51 of 1st period - Michal Kempny is hit by Paul Stastny and loses puck.
Goals for this period are 1 for Islanders vs 1 for Wild.
Shots for this period are 13 for Islanders vs 7 for Wild.

2nd period


0:01 of 2nd period - Paul Stastny wins face-off versus Jack Eichel in neutral zone.
0:12 of 2nd period - Wrist shot by Vladimir Tarasenko.
0:12 of 2nd period - Shot Blocked by Ryan Suter.
0:14 of 2nd period - Snap shot by Jordie Benn.
0:14 of 2nd period - Shot Blocked by Jack Eichel.
0:31 of 2nd period - William Nylander is hit by Timo Meier and loses puck.
1:15 of 2nd period - Icing by Chris Tierney.
1:16 of 2nd period - Chris Tierney wins face-off versus Paul Stastny in Wild zone.
1:27 of 2nd period - William Nylander is hit by Paul Stastny.
1:31 of 2nd period - Kyle Palmieri is hit by Jakob Silfverberg and loses puck.
1:42 of 2nd period - Mathew Dumba is hit by Brayden McNabb and loses puck.
2:11 of 2nd period - Snap shot by Timo Meier.
2:11 of 2nd period - Stopped by Linus Ullmark without a rebound.
2:12 of 2nd period - Christian Dvorak wins face-off versus Evan Rodrigues in Wild zone.
2:12 of 2nd period - Christian Dvorak is hit by James Neal.
2:19 of 2nd period - Minor Penalty to Evan Rodrigues for Elbowing.
2:20 of 2nd period - Jack Eichel wins face-off versus Drake Batherson in Islanders zone.
2:20 of 2nd period - Snap shot by Brad Marchand.
2:20 of 2nd period - Deflect By T.J. Oshie.
2:20 of 2nd period - Stopped by Alex Stalock with a rebound.
2:22 of 2nd period - Snap shot by Ryan Suter.
2:22 of 2nd period - Deflect By Jack Eichel.
2:22 of 2nd period - Goal by Jack Eichel - Islanders : 1 - Wild : 2.
2:23 of 2nd period - Paul Stastny wins face-off versus Jack Eichel in neutral zone.
2:26 of 2nd period - Snap shot by Paul Stastny.
2:26 of 2nd period - Stopped by Linus Ullmark without a rebound.
2:27 of 2nd period - Paul Stastny wins face-off versus Jack Eichel in Wild zone.
2:53 of 2nd period - Slapshot by Chris Tierney.
2:53 of 2nd period - Stopped by Alex Stalock with a rebound.
2:55 of 2nd period - Wrist shot by Jakob Silfverberg.
2:55 of 2nd period - Stopped by Alex Stalock with a rebound.
2:57 of 2nd period - Wrist shot by Jakob Silfverberg.
2:57 of 2nd period - Shot Blocked by Will Butcher.
3:21 of 2nd period - Snap shot by Timo Meier.
3:21 of 2nd period - Shot Misses the Net.
3:29 of 2nd period - Minor Penalty to Frank Vatrano for Interference.
3:30 of 2nd period - Jack Eichel wins face-off versus Chris Mueller in Wild zone.
4:04 of 2nd period - Icing by Jordie Benn.
4:05 of 2nd period - Paul Stastny wins face-off versus T.J. Oshie in Islanders zone.
4:12 of 2nd period - Brayden McNabb is hit by Vladimir Tarasenko and loses puck.
4:21 of 2nd period - Wrist shot by Vladimir Tarasenko.
4:21 of 2nd period - Shot Misses the Net.
4:59 of 2nd period - Brandon Saad is hit by Adrian Kempe and loses puck.
5:20 of 2nd period - Slapshot by T.J. Oshie.
5:20 of 2nd period - Stopped by Alex Stalock without a rebound.
5:21 of 2nd period - Chris Mueller wins face-off versus T.J. Oshie in Islanders zone.
5:29 of 2nd period - Penalty to Frank Vatrano is over, Frank Vatrano is back on ice.
6:01 of 2nd period - Snap shot by Frank Vatrano.
6:01 of 2nd period - Deflect By Jack Eichel.
6:01 of 2nd period - Stopped by Alex Stalock with a rebound.
6:36 of 2nd period - Off-side.
6:37 of 2nd period - Chris Tierney wins face-off versus Chris Mueller in neutral zone.
6:40 of 2nd period - Jake Gardiner is hit by William Nylander and loses puck.
6:55 of 2nd period - Chris Tierney is hit by Chris Mueller and loses puck.
7:02 of 2nd period - Chris Mueller is hit by Chris Tierney and loses puck.
7:07 of 2nd period - Slapshot by Chris Tierney.
7:07 of 2nd period - Stopped by Alex Stalock with a rebound.
7:09 of 2nd period - Snap shot by Chris Tierney.
7:09 of 2nd period - Stopped by Alex Stalock with a rebound.
7:11 of 2nd period - Slapshot by William Nylander.
7:11 of 2nd period - Stopped by Alex Stalock with a rebound.
7:27 of 2nd period - Wrist shot by Brandon Saad.
7:27 of 2nd period - Deflect By Timo Meier.
7:27 of 2nd period - Stopped by Linus Ullmark with a rebound.
7:41 of 2nd period - Slapshot by William Nylander.
7:41 of 2nd period - Deflect By Jakob Silfverberg.
7:41 of 2nd period - Stopped by Alex Stalock with a rebound.
7:43 of 2nd period - Slapshot by Marc Staal.
7:43 of 2nd period - Shot Blocked by Justin Schultz.
7:45 of 2nd period - Slapshot by Jakob Silfverberg.
7:45 of 2nd period - Shot Misses the Net.
7:47 of 2nd period - Slapshot by Brayden McNabb.
7:47 of 2nd period - Shot Misses the Net.
8:11 of 2nd period - Snap shot by Chris Tierney.
8:11 of 2nd period - Stopped by Alex Stalock with a rebound.
8:13 of 2nd period - Slapshot by Brayden McNabb.
8:13 of 2nd period - Deflect By William Nylander.
8:13 of 2nd period - Stopped by Alex Stalock with a rebound.
8:15 of 2nd period - Slapshot by Jakob Silfverberg.
8:15 of 2nd period - Shot Misses the Net.
8:17 of 2nd period - Wrist shot by Marc Staal.
8:17 of 2nd period - Shot Blocked by Justin Schultz.
8:19 of 2nd period - Slapshot by Marc Staal.
8:19 of 2nd period - Stopped by Alex Stalock without a rebound.
8:20 of 2nd period - Paul Stastny wins face-off versus Jack Eichel in Islanders zone.
8:29 of 2nd period - Snap shot by Vladimir Tarasenko.
8:29 of 2nd period - Goal by Vladimir Tarasenko - Islanders : 2 - Wild : 2.
8:30 of 2nd period - Paul Stastny wins face-off versus Jack Eichel in neutral zone.
9:18 of 2nd period - Snap shot by James Neal.
9:18 of 2nd period - Stopped by Linus Ullmark with a rebound.
9:50 of 2nd period - Snap shot by T.J. Oshie.
9:50 of 2nd period - Shot Misses the Net.
10:06 of 2nd period - Slapshot by Ryan Suter.
10:06 of 2nd period - Stopped by Alex Stalock without a rebound.
10:07 of 2nd period - Frank Vatrano wins face-off versus Paul Stastny in Islanders zone.
10:34 of 2nd period - Lawson Crouse is hit by Justin Schultz.
10:37 of 2nd period - Off-side.
10:38 of 2nd period - Jack Eichel wins face-off versus Chris Mueller in neutral zone.
10:41 of 2nd period - Mathew Dumba is hit by Brayden McNabb and loses puck.
11:02 of 2nd period - Marc Staal is hit by Mathew Dumba and loses puck.
11:41 of 2nd period - Wrist shot by Timo Meier.
11:41 of 2nd period - Stopped by Linus Ullmark without a rebound.
11:42 of 2nd period - Paul Stastny wins face-off versus Jack Eichel in Wild zone.
12:08 of 2nd period - Wrist shot by Jakob Silfverberg.
12:08 of 2nd period - Stopped by Alex Stalock with a rebound.
12:12 of 2nd period - Snap shot by Chris Tierney.
12:12 of 2nd period - Stopped by Alex Stalock with a rebound.
12:14 of 2nd period - Slapshot by William Nylander.
12:14 of 2nd period - Stopped by Alex Stalock with a rebound.
12:16 of 2nd period - Backhand shot by Michal Kempny.
12:16 of 2nd period - Shot Blocked by Paul Stastny.
12:18 of 2nd period - Slapshot by Michal Kempny.
12:18 of 2nd period - Shot Blocked by Kyle Palmieri.
12:30 of 2nd period - Slapshot by Kris Letang.
12:30 of 2nd period - Stopped by Alex Stalock with a rebound.
12:54 of 2nd period - Slapshot by Evan Rodrigues.
12:54 of 2nd period - Deflect By James Neal.
12:54 of 2nd period - Deflect By Brad Marchand.
12:54 of 2nd period - Stopped by Linus Ullmark without a rebound.
12:55 of 2nd period - Chris Tierney wins face-off versus Drake Batherson in Wild zone.
12:55 of 2nd period - Chris Tierney is hit by Christian Fischer.
13:06 of 2nd period - Minor Penalty to Matt Roy for Holding.
13:07 of 2nd period - Jack Eichel wins face-off versus Evan Rodrigues in Islanders zone.
14:02 of 2nd period - Icing by Jack Eichel.
14:03 of 2nd period - Jack Eichel wins face-off versus Chris Mueller in Wild zone.
14:03 of 2nd period - Jack Eichel is hit by Chris Mueller.
14:09 of 2nd period - Jordie Benn is hit by T.J. Oshie and loses puck.
14:20 of 2nd period - Chris Mueller is hit by Chris Tierney and loses puck.
15:06 of 2nd period - Penalty to Matt Roy is over, Matt Roy is back on ice.
15:17 of 2nd period - Wrist shot by Vladimir Tarasenko.
15:17 of 2nd period - Stopped by Linus Ullmark without a rebound.
15:18 of 2nd period - Paul Stastny wins face-off versus Chris Tierney in Wild zone.
15:27 of 2nd period - Matt Roy is hit by Brayden McNabb and loses puck.
15:35 of 2nd period - Icing by Will Butcher.
15:36 of 2nd period - Paul Stastny wins face-off versus Jack Eichel in Islanders zone.
15:45 of 2nd period - Snap shot by Kyle Palmieri.
15:45 of 2nd period - Shot Misses the Net.
16:01 of 2nd period - Snap shot by Kyle Palmieri.
16:01 of 2nd period - Stopped by Linus Ullmark with a rebound.
16:03 of 2nd period - Slapshot by Vladimir Tarasenko.
16:03 of 2nd period - Shot Misses the Net.
16:05 of 2nd period - Slapshot by Matt Roy.
16:05 of 2nd period - Deflect By Kyle Palmieri.
16:05 of 2nd period - Shot Blocked by Ryan Suter.
16:05 of 2nd period - Puck is out of play.
16:06 of 2nd period - Evan Rodrigues wins face-off versus Chris Tierney in Wild zone.
16:07 of 2nd period - Snap shot by James Neal.
16:07 of 2nd period - Shot Misses the Net.
16:09 of 2nd period - Minor Penalty to Chris Tierney for Hooking.
16:10 of 2nd period - Jack Eichel wins face-off versus Paul Stastny in Wild zone.
16:16 of 2nd period - Off-side.
16:17 of 2nd period - Paul Stastny wins face-off versus Jack Eichel in neutral zone.
16:32 of 2nd period - Slapshot by Jack Eichel.
16:32 of 2nd period - Shot Misses the Net.
18:08 of 2nd period - Brayden McNabb is hit by Drake Batherson and loses puck.
18:09 of 2nd period - Penalty to Chris Tierney is over, Chris Tierney is back on ice.
18:17 of 2nd period - Wrist shot by Drake Batherson.
18:17 of 2nd period - Shot Blocked by Brayden McNabb.
18:19 of 2nd period - Wrist shot by Will Butcher.
18:19 of 2nd period - Shot Misses the Net.
18:31 of 2nd period - Snap shot by Christian Fischer.
18:31 of 2nd period - Stopped by Linus Ullmark without a rebound.
18:32 of 2nd period - Frank Vatrano wins face-off versus Drake Batherson in Wild zone.
19:37 of 2nd period - Wrist shot by William Nylander.
19:37 of 2nd period - Stopped by Alex Stalock without a rebound.
19:38 of 2nd period - Chris Tierney wins face-off versus Paul Stastny in Islanders zone.
19:39 of 2nd period - Wrist shot by Kris Letang.
19:39 of 2nd period - Shot Blocked by Paul Stastny.
19:41 of 2nd period - Slapshot by Jakob Silfverberg.
19:41 of 2nd period - Shot Misses the Net.
19:43 of 2nd period - Snap shot by Chris Tierney.
19:43 of 2nd period - Shot Misses the Net.
Goals for this period are 1 for Islanders vs 1 for Wild.
Shots for this period are 10 for Islanders vs 19 for Wild.

3rd period


0:01 of 3rd period - Jack Eichel wins face-off versus Paul Stastny in neutral zone.
0:51 of 3rd period - Adrian Kempe is hit by Mathew Dumba and loses puck.
1:06 of 3rd period - Snap shot by Christian Fischer.
1:06 of 3rd period - Shot Misses the Net.
1:17 of 3rd period - Off-side.
1:18 of 3rd period - Paul Stastny wins face-off versus Chris Tierney in neutral zone.
1:21 of 3rd period - Wrist shot by Kyle Palmieri.
1:21 of 3rd period - Stopped by Linus Ullmark with a rebound.
1:57 of 3rd period - Snap shot by Evan Rodrigues.
1:57 of 3rd period - Stopped by Linus Ullmark without a rebound.
1:58 of 3rd period - Jack Eichel wins face-off versus Chris Mueller in Wild zone.
2:05 of 3rd period - Snap shot by Jack Eichel.
2:05 of 3rd period - Shot Misses the Net.
2:34 of 3rd period - Wrist shot by Chris Tierney.
2:34 of 3rd period - Goal by Chris Tierney - Islanders : 2 - Wild : 3.
2:35 of 3rd period - Jack Eichel wins face-off versus Paul Stastny in neutral zone.
2:48 of 3rd period - Wrist shot by Vladimir Tarasenko.
2:48 of 3rd period - Stopped by Linus Ullmark with a rebound.
2:50 of 3rd period - Snap shot by Vladimir Tarasenko.
2:50 of 3rd period - Shot Blocked by Jack Eichel.
2:52 of 3rd period - Snap shot by Mathew Dumba.
2:52 of 3rd period - Stopped by Linus Ullmark with a rebound.
3:02 of 3rd period - James Neal is hit by Ryan Suter and loses puck.
3:16 of 3rd period - Evan Rodrigues is hit by Jakob Silfverberg.
3:36 of 3rd period - Wrist shot by Brandon Saad.
3:36 of 3rd period - Stopped by Linus Ullmark with a rebound.
4:11 of 3rd period - Minor Penalty to William Nylander for Roughing.
4:12 of 3rd period - Jack Eichel wins face-off versus Paul Stastny in Wild zone.
5:14 of 3rd period - Paul Stastny is hit by Kris Letang and loses puck.
5:27 of 3rd period - Marc Staal is hit by Timo Meier and loses puck.
5:42 of 3rd period - Jordie Benn is hit by Marc Staal and loses puck.
6:11 of 3rd period - Penalty to William Nylander is over, William Nylander is back on ice.
6:21 of 3rd period - Jordan Greenway is hit by Evan Rodrigues and loses puck.
7:08 of 3rd period - Jordie Benn is hit by Ryan Suter and loses puck.
7:27 of 3rd period - Kyle Palmieri is hit by Michal Kempny and loses puck.
7:32 of 3rd period - Slapshot by Kris Letang.
7:32 of 3rd period - Deflect By Christian Dvorak.
7:32 of 3rd period - Shot Misses the Net.
7:32 of 3rd period - Puck is out of play.
7:33 of 3rd period - Christian Dvorak wins face-off versus Chris Mueller in Islanders zone.
8:12 of 3rd period - Snap shot by Lawson Crouse.
8:12 of 3rd period - Stopped by Alex Stalock without a rebound.
8:13 of 3rd period - Chris Mueller wins face-off versus Jack Eichel in Islanders zone.
8:24 of 3rd period - Wrist shot by Chris Mueller.
8:24 of 3rd period - Stopped by Linus Ullmark with a rebound.
8:45 of 3rd period - Snap shot by Evan Rodrigues.
8:45 of 3rd period - Deflect By Logan Shaw.
8:45 of 3rd period - Shot Misses the Net.
8:45 of 3rd period - Puck is out of play.
8:46 of 3rd period - Chris Tierney wins face-off versus Evan Rodrigues in Wild zone.
8:53 of 3rd period - Snap shot by William Nylander.
8:53 of 3rd period - Goal by William Nylander - Islanders : 2 - Wild : 4.
8:54 of 3rd period - Paul Stastny wins face-off versus Jack Eichel in neutral zone.
9:27 of 3rd period - Wrist shot by Chris Tierney.
9:27 of 3rd period - Shot Blocked by Mathew Dumba.
9:29 of 3rd period - Slapshot by Ryan Suter.
9:29 of 3rd period - Stopped by Alex Stalock with a rebound.
9:31 of 3rd period - Snap shot by Kris Letang.
9:31 of 3rd period - Shot Blocked by Brandon Saad.
10:31 of 3rd period - Slapshot by Vladimir Tarasenko.
10:31 of 3rd period - Shot Blocked by William Nylander.
10:45 of 3rd period - Slapshot by Jake Gardiner.
10:45 of 3rd period - Stopped by Linus Ullmark with a rebound.
15:23 of 3rd period - Jake Gardiner is hit by Michal Kempny.
16:02 of 3rd period - Slapshot by Evan Rodrigues.
16:02 of 3rd period - Shot Misses the Net.
16:06 of 3rd period - Slapshot by Logan Shaw.
16:06 of 3rd period - Stopped by Linus Ullmark with a rebound.
16:08 of 3rd period - Wrist shot by Logan Shaw.
16:08 of 3rd period - Stopped by Linus Ullmark without a rebound.
16:09 of 3rd period - Chris Mueller wins face-off versus Chris Tierney in Wild zone.
16:53 of 3rd period - Off-side.
16:54 of 3rd period - Jordan Greenway wins face-off versus Drake Batherson in neutral zone.
17:01 of 3rd period - Snap shot by Adrian Kempe.
17:01 of 3rd period - Stopped by Alex Stalock without a rebound.
17:02 of 3rd period - James Neal wins face-off versus Jordan Greenway in Islanders zone.
17:02 of 3rd period - James Neal is hit by Adrian Kempe.
17:18 of 3rd period - Snap shot by Jordan Greenway.
17:18 of 3rd period - Stopped by Alex Stalock with a rebound.
17:20 of 3rd period - Slapshot by Ryan Suter.
17:20 of 3rd period - Shot Misses the Net.
17:22 of 3rd period - Slapshot by Kris Letang.
17:22 of 3rd period - Deflect By Evan Rodrigues.
17:22 of 3rd period - Stopped by Alex Stalock with a rebound.
17:24 of 3rd period - Wrist shot by Adrian Kempe.
17:24 of 3rd period - Goal by Adrian Kempe - Islanders : 2 - Wild : 5.
17:25 of 3rd period - Jack Eichel wins face-off versus Paul Stastny in neutral zone.
17:27 of 3rd period - Off-side.
17:28 of 3rd period - Paul Stastny wins face-off versus Jack Eichel in neutral zone.
18:46 of 3rd period - Wrist shot by Drake Batherson.
18:46 of 3rd period - Shot Misses the Net.
18:56 of 3rd period - Paul Stastny is hit by Chris Tierney and loses puck.
19:22 of 3rd period - Wrist shot by Timo Meier.
19:22 of 3rd period - Stopped by Linus Ullmark with a rebound.
19:51 of 3rd period - Wrist shot by Christian Fischer.
19:51 of 3rd period - Stopped by Linus Ullmark with a rebound.
Goals for this period are 0 for Islanders vs 3 for Wild.
Shots for this period are 11 for Islanders vs 8 for Wild. Output by the SimonT Hockey Simulator (STHS) for Alexandre Lamarre - Original Page W3C HTML5 Valid
Hockey Simulator - Hockey Simulation - Hockey Manager